 Dungeon Sprint DCSS version 0.31-a0-971-g75a2e9a4b4 (webtiles) character file.

Game seed: 8194265599006328527

561 Conn the Arsonist (level 7, -2/42 HPs)
             Began as an Octopode Fire Elementalist on Oct 28, 2023.
             Was an Initiate of Sif Muna.
             Shot with a bolt by a yaktaur (23 damage)
             ... in the Dungeon (Sprint II: "The Violet Keep of Menkaure").
             The game lasted 00:03:49 (118 turns).

Conn the Arsonist (Octopode Fire Elementalist)       Turns: 118, Time: 00:03:50

Health: -2/42      AC:  1    Str:  7    XL:     7   Next: 31%
Magic:  7/16       EV: 15    Int: 19    God:    Sif Muna [......]
Gold:   486        SH:  0    Dex: 13    Spells: 8/18 levels left

rFire   . . .        (no weapon)
rCold   . . .        (no shield)
rNeg    . . .        (helmet restricted)
rPois   .            (no amulet)
rElec   .            (no ring)
rCorr   .            (no ring)
SInv    .            (no ring)
Will    .....        (no ring)
Stlth   ++++         (no ring)
HPRegen 0.27/turn    (no ring)
MPRegen 0.15/turn    (no ring)
                     (no ring)

%: no teleportation
@: no status effects
A: almost no armour, amphibious, 8 rings, camouflage 1, gelatinous body 1,
(nimble swimmer 1), tentacles
a: Renounce Religion


You were in the Dungeon.
You worshipped Sif Muna.
Sif Muna was noncommittal.
You visited 1 branch You collected 486 gold pieces.

Inventory:

Scrolls
 f - a scroll of blinking
Potions
 a - 2 potions of magic
 b - a potion of curing
 c - a potion of heal wounds
 d - a potion of haste


   Skills:
 * Level 0.9 Fighting
 + Level 5.8 Dodging
 - Level 4.2 Stealth
 + Level 6.1 Spellcasting
 + Level 5.1 Conjurations
 * Level 4.1 Hexes
 + Level 11.0 Fire Magic


You had 8 spell levels left.
You knew the following spells:

 Your Spells              Type           Power      Damage    Failure   Level
a - Foxfire               Conj/Fire      100%       2x1d9     1%          1
b - Scorch                Fire           94%        2d8       1%          2
c - Inner Flame           Hex/Fire       34%        N/A       1%          3
d - Flame Wave            Conj/Fire      36%        2d10      4%          4

Your spell library contained the following spells:

 Spells                   Type           Power      Damage    Failure   Level
 Volatile Blastmotes      Fire/Tloc      52%        2d14      3%          3


Dungeon Overview and Level Annotations

Branches:
Dungeon (1/1)

Altars:
Cheibriados
Dithmenos
Elyvilon
Fedhas
Gozag
Hepliaklqana
Kikubaaqudgha
Makhleb
Nemelex Xobeh
Okawaru
Qazlal
Ru
Sif Muna
Trog
Uskayaw
Vehumet
Wu Jian
Xom
Yredelemnul
Zin
The Shining One
Jiyva
Lugonu


Innate Abilities, Weirdness & Mutations

You cannot wear most types of armour.
You are amphibious.
You can wear up to eight rings at the same time.
Your skin changes colour to match your surroundings (Stealth+).
Your rubbery body absorbs attacks. (AC +1, EV +1)
((You are camouflaged when in or above water. (Stealth+)))
You have tentacles for arms and can constrict up to eight enemies at once.


Message History

You curl up in front of the altar of Sif Muna.
Sif Muna welcomes you!
Okay, then.
Unknown command.
Press < or > to pray at altars.
The water moccasin hisses angrily. x2
Okay, then.
Unknown command.
Unknown command.
Unknown command.
The flying skull gives a hideous shriek!
Found 10 gold pieces.
There is an ancient bone altar of Kikubaaqudgha here.
Found a potion of magic.
Found 3 potions of magic, a ring mail and 6 gold pieces.
There is a sacrificial altar of Ru here.
Casting: Foxfire (safe; 1% risk of failure)
Confirm with . or Enter, or press ? or * to list all spells.
Okay, then.
Unknown command.
Press < or > to pray at altars.
Unknown command.
Press < or > to pray at altars.
There is a shimmering altar of Xom here.
Found 3 purple potions, a leather armour and a potion of magic.
There is a glowing golden altar of the Shining One here.
The stone wall disappears!
Found 81 gold pieces.
The yaktaur shouts!
There is a shimmering altar of Xom here.
There is a shimmering blue altar of Sif Muna here.
The polar bear growls angrily.
You hear an angry growl.
There is an ancient bone altar of Kikubaaqudgha here.
There is a shadowy altar of Dithmenos here.
You start resting.
A yaktaur is nearby!
The yaktaur wields a +0 arbalest.
The yaktaur shoots a bolt.
The bolt hits you!!
Ouch! That really hurt!
You die...

#~~.....~#'########+###
~~~~~§..~#.c._._..#~~~##
~§~~~~~§~#.._._._.#~§≈≈##
~≈§≈~~~~~#._._._._#~§§§§#
~§§≈≈≈~§~#_._._._.#~~~§≈≈
~§≈§≈≈§§~#._._._..#~~§~~≈
#§≈§###§≈#_._._...#~~~~≈S
#≈≈#._._....#S~≈≈≈≈
#§≈#_._...@.#S≈≈≈▓
≈§§§##########~§§≈▓z
#####~~~~~~~~~§≈≈≈▓z
.###~########≈▓▓▓▓▓ .##~
▓▓ .+


You could see a yaktaur and 2 water moccasins.

Vanquished Creatures
  Menkaure (D)
  4 necrophages (D)
  4 scorpions (D)
9 creatures vanquished.

Vanquished Creatures (others)
  5 foxfires (D)
5 creatures vanquished.

Grand Total: 14 creatures vanquished

Notes
Turn   | Place    | Note
-------+----------+-------------------------------------------
     0 | D        | Conn the Octopode Fire Elementalist began the quest for the
                  | Orb.
     0 | D        | Reached XP level 1. HP: 11/11 MP: 3/3
     1 | D        | Noticed a necrophage
     1 | D        | Noticed a necrophage
     1 | D        | Noticed a necrophage
     1 | D        | Noticed a necrophage
     7 | D        | Killed a necrophage
     8 | D        | Reached skill level 6 in Fire Magic
     8 | D        | Reached XP level 2. HP: 17/17 MP: 3/6
     8 | D        | Reached XP level 3. HP: 21/21 MP: 4/8
     8 | D        | Reached XP level 4. HP: 27/27 MP: 4/9
    11 | D        | Killed a necrophage
    12 | D        | Reached skill level 7 in Fire Magic
    12 | D        | Reached XP level 5. HP: 31/31 MP: 4/11
    18 | D        | Reached skill level 8 in Fire Magic
    23 | D        | Reached skill level 5 in Spellcasting
    23 | D        | Reached skill level 9 in Fire Magic
    23 | D        | Reached XP level 6. HP: 24/37 MP: 5/13
    36 | D        | Learned a level 2 spell: Scorch
    40 | D        | Learned a level 3 spell: Inner Flame
    45 | D        | Learned a level 4 spell: Flame Wave
    53 | D        | Reached skill level 5 in Dodging
    53 | D        | Reached skill level 1 in Hexes
    54 | D        | Reached skill level 10 in Fire Magic
    56 | D        | Reached XP level 7. HP: 14/42 MP: 3/15
    64 | D        | Noticed Menkaure
    70 | D        | Killed Menkaure
    71 | D        | Reached skill level 5 in Conjurations
    71 | D        | Reached skill level 11 in Fire Magic
    71 | D        | Found a glowing silver altar of Zin.
    72 | D        | Found a glowing golden altar of the Shining One.
    72 | D        | Found a basalt altar of Yredelemnul.
    72 | D        | Found a hide-covered altar of Uskayaw.
    72 | D        | Found a radiant altar of Vehumet.
    73 | D        | Found a shimmering altar of Xom.
    73 | D        | Found a bloodstained altar of Trog.
    73 | D        | Found a burning altar of Makhleb.
    74 | D        | Found an ornate altar of the Wu Jian Council.
    74 | D        | Found a shimmering blue altar of Sif Muna.
    74 | D        | Found a corrupted altar of Lugonu.
    75 | D        | Found a sacrificial altar of Ru.
    75 | D        | Found an ancient bone altar of Kikubaaqudgha.
    75 | D        | Found a white marble altar of Elyvilon.
    76 | D        | Found a stormy altar of Qazlal.
    76 | D        | Found a viscous altar of Jiyva.
    76 | D        | Found a shadowy altar of Dithmenos.
    77 | D        | Found a hazy altar of Hepliaklqana.
    77 | D        | Found a snail-covered altar of Cheibriados.
    79 | D        | Found a sparkling altar of Nemelex Xobeh.
    79 | D        | Found a blossoming altar of Fedhas.
    80 | D        | Found an iron altar of Okawaru.
    80 | D        | Found an opulent altar of Gozag.
    85 | D        | Became a worshipper of Sif Muna the Loreminder
    91 | D        | Noticed a flying skull
    95 | D        | Noticed a flying skull
   108 | D        | Noticed a yaktaur
   108 | D        | Noticed a hornet
   108 | D        | Noticed a polar bear
   108 | D        | Noticed a polar bear
   118 | D        | Shot with a bolt by a yaktaur

Illustrated notes

Levels and vault maps discovered:
D:        the_violet_keep_of_menkaure [sprint2_stairs_cluster_1,
          sprint2_shoproom, sprint2_temple, sprint2_basic_supplies,
          sprint2_obstacle_4, sprint2_obstacle_1, sprint2_obstacle_7,
          sprint2_obstacle_3, sprint2_obstacle_2, sprint2_timed_cluster_1,
          sprint2_smallroom_cluster_1, sprint2_smallroom_final_cluster_1,
          sprint2_transparent_cluster_1, sprint2_second_timed_cluster_1,
          sprint2_sniper_area_1, sprint2_heavy_combat_area_1,
          sprint2_mutation_trap_area_1, sprint2_forest_area_1,
          sprint2_light_combat_area_1, sprint2_behind_water_1,
          sprint2_near_end_vault_1]

Skill      XL: |  1  2  3  4  5  6  7 |
---------------+----------------------+-----
Dodging        | 3 4 5 |  5.8
Stealth        | 4 |  4.2
Spellcasting   | 3 4 5 6 |  6.1
Fire Magic     | 6 7 9 10 11 | 11.0
Conjurations   | 2 4 5 |  5.1
Hexes          | 3 4 |  4.1
Fighting       | |  0.9

Action                     |  1- 3 |  4- 6 |  7- 9 || total
---------------------------+-------+-------+-------++-------
  Melee: Unarmed           |     5 |    15 |       ||    20
         Constrict         |     1 |     3 |       ||     4
         Tentacles         |     1 |     3 |       ||     4
   Cast: Flame Wave        |       |     3 |       ||     3
         Scorch            |       |     1 |       ||     1
         Foxfire           |       |       |     4 ||     4
    Use: Potion            |     1 |     1 |       ||     2
 Armour: Skin              |     1 |     9 |     2 ||    12
  Dodge: Dodged            |     1 |     5 |       ||     6

Table legend: (Time is in decaauts)
 A = Elapsed time spent in this place.
 B = Non-inter-level travel time spent in this place.
 C = Inter-level travel time spent in this place.
 D = Time resting spent in this place.
 E = Time spent auto-exploring this place.
 F = Levels seen in this place.
 G = Mean time per level.
                   A        B        C        D        E       F      G
               +--------+--------+--------+--------+--------+-----+--------+
         Total |    124 |    124 |      0 |      1 |      0 |   1 |  124.0 |
       Dungeon |    124 |    124 |      0 |      1 |      0 |   1 |  124.0 |
               +--------+--------+--------+--------+--------+-----+--------+

Top non-repeatable levels by time:
       D: 124 daAuts
